 Dungeon Crawl Stone Soup version 0.29-a0-620-g13ace881f2 (webtiles) character file.

Game seed: 4596437660521662671

130 frimble the Sneak (level 5, 0/34 HPs)
             Began as an Octopode Warper on June 18, 2022.
             Slain by Grinder (4 damage)
             ... while paralysed by Grinder
             ... on level 3 of the Dungeon.
             The game lasted 00:02:44 (3185 turns).

frimble the Sneak (Octopode Warper)                 Turns: 3185, Time: 00:02:46

Health: 0/34       AC:  1    Str: 10    XL:     5   Next: 13%
Magic:  8/8        EV:  2    Int: 17    God:
Gold:   116        SH:  0    Dex: 12    Spells: 6/8 levels left

rFire   . . .      SeeInvis .   a - +0 falchion
rCold   . . .      Faith    .   (no shield)
rNeg    . . .      Spirit   .   (helmet restricted)
rPois   .          Reflect  .   (no amulet)
rElec   .          Harm     .   (no ring)
rCorr   .          Rampage  .   (no ring)
Will    .....                   (no ring)
Stlth   +++.......              (no ring)
HPRegen 0.11/turn               (no ring)
MPRegen 0.11/turn               (no ring)
                                (no ring)
                                (no ring)

@: paralysed
A: almost no armour, amphibious, 8 rings, camouflage 1, gelatinous body 1,
(nimble swimmer 1), tentacles
a: no special abilities


You were on level 3 of the Dungeon.
You visited 1 branch of the dungeon, and saw 3 of its levels.

You collected 116 gold pieces.

Inventory:

Hand Weapons
 a - a +0 falchion (weapon)
Missiles
 c - 7 boomerangs of dispersal (quivered)
 h - 3 poisoned darts
Wands
 j - a wand of flame (18)
Scrolls
 b - a scroll of blinking
 d - a scroll of amnesia
 f - a scroll of magic mapping
Potions
 e - 3 potions of brilliance
 i - 2 potions of curing
 k - a potion of ambrosia {unknown}


   Skills:
 - Level 2.0 Fighting
 - Level 4.0 Long Blades
 - Level 1.0 Throwing
 - Level 2.3 Dodging
 - Level 4.2 Stealth
 - Level 2.0 Spellcasting
 - Level 3.0 Translocations
 + Level 0.0 Evocations


You had 6 spell levels left.
You knew the following spells:

 Your Spells              Type           Power      Damage    Failure   Level
a - Blink                 Tloc           24%        N/A       9%          2

Your spell library contained the following spells:

 Spells                   Type           Power      Damage    Failure   Level
 Gell's Gravitas          Tloc           12%        N/A       17%         3
 Lesser Beckoning         Tloc           12%        N/A       17%         3
 Teleport Other           Tloc           12%        N/A       17%         3
 Manifold Assault         Tloc           12%        N/A       83%         5


Dungeon Overview and Level Annotations

Branches:
Dungeon (3/15)

Altars:

Annotations:
D:3 Grinder


Innate Abilities, Weirdness & Mutations

You cannot wear most types of armour.
You are amphibious.
You can wear up to eight rings at the same time.
Your skin changes colour to match your surroundings (Stealth+).
Your rubbery body absorbs attacks. (AC +1, EV +1)
((You are camouflaged when in or above water. (Stealth+)))
You have tentacles for arms and can constrict up to eight enemies at once.


Message History

Grinder shouts!
Grinder gestures at you. You resist with significant effort.
You see here a scroll labelled MIBBYL HOOG.
g - a scroll labelled MIBBYL HOOG The air fills with toxic fumes!
As you read the scroll labelled MIBBYL HOOG, it crumbles to dust.
It was a scroll of poison.
Aiming: Throw Flame
Press: ? - help, Shift-Dir - straight line, f - Grinder
Aim: Grinder (poison gas, 64% to hit)
The puff of flame misses Grinder.
Aiming: Throw Flame
Press: ? - help, Shift-Dir - straight line, f/p - Grinder
Aim: Grinder (poison gas, 64% to hit)
The puff of flame misses Grinder.
You barely miss Grinder. Your grab misses Grinder. You squeeze Grinder!
Grinder is moderately wounded.
Grinder barely misses you.
You barely miss Grinder. Your grab misses Grinder. Your squeeze misses Grinder.
Grinder is moderately wounded.
Grinder hits you.
You writhe in agony.
You closely miss Grinder. Your grab misses Grinder.
Grinder is moderately wounded.
Grinder gestures at you. Pain shoots through your body!
You hit Grinder but do no damage. You grab Grinder. You squeeze Grinder.
Grinder is moderately wounded.
You constrict Grinder, but do no damage.
Grinder gestures at you.
You suddenly lose the ability to move!
You lose your grip on Grinder.
Grinder gestures at you. Pain shoots through your body!
* * * LOW HITPOINT WARNING * * *
Grinder hits you.
* * * LOW HITPOINT WARNING * * *
You writhe in agony.
* * * LOW HITPOINT WARNING * * *
Grinder hits you.
You die...

...# .○# §°# .5 .○#
##..####.#
......°○§# #§☼#
#☼5# ##@# #§# #.#
####.## #....°#
#.##§°## # #°..##
.....§☼#..###
###.##.##...#######


You could see Grinder.

Vanquished Creatures
  Robin (D:2)
  5 adders (D:2)
  A worm (D:2)
  A dart slug (D:2)
  7 endoplasms
  2 giant cockroaches (D:1)
  10 hobgoblins
  2 jackals (D:1)
  4 kobolds
  5 ball pythons
  2 bats
  2 frilled lizards (D:1)
  19 goblins
  A rat (D:2)
62 creatures vanquished.

Notes
Turn   | Place    | Note
-------+----------+-------------------------------------------
     0 | D:1      | frimble the Octopode Warper began the quest for the Orb.
     0 | D:1      | Reached XP level 1. HP: 14/14 MP: 3/3
   181 | D:1      | Reached XP level 2. HP: 11/19 MP: 5/5
  1028 | D:1      | Found a faded altar of an unknown god.
  1226 | D:2      | Reached XP level 3. HP: 20/24 MP: 6/6
  1229 | D:2      | Learned a level 2 spell: Blink
  1715 | D:2      | Reached skill level 1 in Stealth
  1715 | D:2      | Reached XP level 4. HP: 26/29 MP: 7/7
  2005 | D:2      | Noticed Robin
  2337 | D:2      | Killed Robin
  2683 | D:2      | Reached XP level 5. HP: 21/34 MP: 8/8
  3168 | D:3      | Noticed Grinder
  3182 | D:3      | Paralysed by Grinder for 5 turns
  3185 | D:3      | Slain by Grinder

Illustrated notes

Levels and vault maps discovered:
D:1:      minmay_arrival_up_and_down, layout_basic,
          hellmonk_ecumenical_altar_lost_god, dreamdust_princess_bridge
D:2:      cheibrodos_greedy_goblins, layout_loops_ring, uniq_robin
D:3:      layout_loops_ring, moated_statue, minmay_tree_intersection,
          minmay_large_rounded_square, ebering_dispersal_statue_hall,
          uniq_grinder, uniq_natasha, uniq_ijyb

Skill      XL: |  1  2  3  4  5 |
---------------+----------------+-----
Long Blades    | 3 4 |  4.0
Stealth        | 1 3 4 |  4.2
Fighting       | |  2.0
Throwing       | |  1.0
Dodging        | |  2.3
Spellcasting   | |  2.0
Translocations | |  3.0

Action                   |  1- 3 |  4- 6 || total
-------------------------+-------+-------++-------
Melee: Falchion          |    59 |    72 ||   131
       Tentacles         |     8 |    12 ||    20
       Constrict         |     8 |    18 ||    26
       Punch             |     1 |       ||     1
Evoke: Wand              |       |     2 ||     2
  Use: Scroll            |     4 |     2 ||     6
 Stab: Sleeping          |    10 |     4 ||    14
Armor: Skin              |     1 |     5 ||     6
Dodge: Dodged            |    33 |    51 ||    84

Table legend: (Time is in decaauts)
 A = Elapsed time spent in this place.
 B = Non-inter-level travel time spent in this place.
 C = Inter-level travel time spent in this place.
 D = Time resting spent in this place.
 E = Time spent auto-exploring this place.
 F = Levels seen in this place.
 G = Mean time per level.
                   A        B        C        D        E       F      G
               +--------+--------+--------+--------+--------+-----+--------+
         Total |   3202 |   3113 |     89 |    226 |   2499 |   3 | 1067.3 |
       Dungeon |   3202 |   3113 |     89 |    226 |   2499 |   3 | 1067.3 |
               +--------+--------+--------+--------+--------+-----+--------+

Top non-repeatable levels by time:
     D:2: 1665 daAuts
     D:1: 1506 daAuts
     D:3: 31 daAuts
